 Dungeon Sprint DCSS version 0.22.1-2-g9c5b331 (webtiles) character file.

543340 diana the Intangible (level 21, -10/216 (218) HPs)
             Began as a Demonspawn Fighter on Dec 9, 2018.
             Was the Champion of Cheibriados.
             Killed from afar by a Tzitzimitl (12 damage)
             ... with a bolt of cold
             ... summoned by Cerebov
             ... in the Dungeon (Sprint IX: "|||||||||||||||||||||||||||||").
             The game lasted 00:43:10 (9780 turns).

diana the Intangible (Demonspawn Fighter)           Turns: 9780, Time: 00:43:11

HP:   -10/216 (218) AC: 44    Str: 55    XL:     21   Next: 92%
MP:   0/42          EV: 37    Int: 26    God:    Cheibriados [******]
Gold: 360           SH:  4    Dex: 33    Spells: 64/64 levels left

rFire    + . .     SeeInvis .   t - +0 sword of Power
rCold    + . .     Gourm    .   (shield currently unavailable)
rNeg     + . .     Faith    .   N - +9 plate armour "Bacuz" {MR++}
rPois    .         Spirit   +   (helmet restricted)
rElec    .         Reflect  +   Y - +2 cloak {MR+}
rCorr    +         Harm     .   T - +1 pair of gloves {Str+3}
MR       ++++.     NoTele   +   P - +1 pair of boots
Stlth    ..........             D - amulet of Zuing {Reflect Fragile rC+ rN+ Str+3 SH+4}
HPRegen  0.46/turn              V - ring "Wenkihih" {rCorr rF+ Str+3}
MPRegen  0.56/turn              s - +6 ring of strength

@: mighty, starving, slowed, very slow
A: horns 2, rugged brown scales 3, low mp 1, powered by death 2, magic shield,
magic regeneration, no potion heal 1
}: 9/17 runes: decaying, serpentine, barnacled, slimy, elven, silver, golden,
abyssal, gossamer
a: Bend Time, Temporal Distortion, Slouch, Step From Time, Renounce Religion


You were in the Dungeon.
You worshipped Cheibriados.
Cheibriados was exalted by your worship.
You were starving.

You visited 1 branch You collected 1978 gold pieces.
You spent 1618 gold pieces at shops.

Inventory:

Hand Weapons
 b - a +6 longbow of velocity
 q - a +2 scimitar of flaming
 t - the +0 sword of Power (weapon)
   (You found it in the Dungeon)
 z - a +1 double sword
 M - a +5 triple sword of slicing
 S - a +9 double sword of electrocution
Missiles
 c - 209 arrows
 G - 2 throwing nets (quivered)
Armour
 i - +2 fire dragon scales {Xtahua}
 r - a +2 large shield
 u - a +3 large shield of fire resistance
 A - a +0 pair of gloves of archery
 F - the +3 buckler "Dous Becu" {*Corrode rN++}
   (You found it in the Dungeon)

   It greatly protects you from negative energy.
   It may corrode you when you take damage.
 N - the +9 plate armour "Bacuz" (worn) {MR++}
   (You found it in the Dungeon)

   It affects your resistance to hostile enchantments.
 P - a +1 pair of boots (worn)
 T - a +1 pair of gloves of strength (worn)
 U - +3 ice dragon scales
 X - +4 acid dragon scales
 Y - a +2 cloak of magic resistance (worn)
Magical Staves
 v - an uncursed staff of energy
Jewellery
 s - a +6 ring of strength (right hand)
 D - the amulet of Zuing (around neck) {Reflect Fragile rC+ rN+ Str+3 SH+4}
   (You found it in the Dungeon)

   [amulet of reflection]

   It shields you and reflects attacks.
   It affects your strength (+3).
   It protects you from cold.
   It protects you from negative energy.
   It will be destroyed if unequipped.
   It affects your SH (+4).
 I - an uncursed ring of ice
 K - an uncursed ring of protection from magic
 L - an uncursed ring of protection from cold
 V - the ring "Wenkihih" (left hand) {rCorr rF+ Str+3}
   (You found it in the Dungeon)

   [ring of resist corrosion]

   It affects your strength (+3).
   It protects you from fire.
 W - the ring "Jaewau" {rPois rN++ MR+ Str-3 Dex+2}
   (You found it in the Dungeon)

   [ring of protection from magic]

   It affects your strength (-3).
   It affects your dexterity (+2).
   It protects you from poison.
   It greatly protects you from negative energy.
   It affects your resistance to hostile enchantments.
Wands
 p - a wand of acid (8)
Scrolls
 k - 2 scrolls of magic mapping
 l - 4 scrolls of fog
 n - 5 scrolls of remove curse
 o - 3 scrolls of amnesia
 w - a scroll of fear
 x - a scroll of identify
 C - 8 scrolls of enchant weapon
Potions
 a - 5 potions of agility
 d - a potion of might
 e - a potion of degeneration {unknown}
 h - 9 potions of haste
 j - a potion of berserk rage
 m - a potion of invisibility
 H - a potion of ambrosia
 Q - 2 potions of brilliance
 Z - a potion of mutation
Miscellaneous
 g - the horn of Geryon
Comestibles
 f - 12 rations


   Skills:
 O Level 27 Fighting
 O Level 27 Long Blades
 O Level 27 Bows
 O Level 27 Armour
 O Level 27 Dodging
 O Level 27 Shields
 + Level 22.0 Spellcasting
 O Level 27 Invocations
 + Level 23.5 Evocations


You had 64 spell levels left.
You didn't know any spells.
Your spell library contained the following spells:

 Spells                   Type           Power        Failure   Level  Hunger
 Sting                    Conj/Pois      ####         2%          1    None
 Poisonous Vapours        Pois/Air       ####..       3%          2    None
 Spider Form              Tmut/Pois      ####......   7%          3    None
 Alistair's Intoxication  Tmut/Pois      ####....     54%         5    None


Dungeon Overview and Level Annotations

Branches:
Dungeon (1/1)

Altars:
Cheibriados
Dithmenos
Elyvilon
Fedhas
Gozag
Hepliaklqana
Kikubaaqudgha
Makhleb
Nemelex Xobeh
Okawaru
Qazlal
Ru
Sif Muna
Trog
Uskayaw
Vehumet
Wu Jian
Xom
Yredelemnul
Zin
The Shining One
Beogh
Jiyva
Lugonu

Shops:
D %:?}

Annotations:
D Asmodeus, Cerebov, Gloorx Vloq, Lom Lobon


Innate Abilities, Weirdness & Mutations

You have a pair of horns on your head.
You are completely covered in rugged brown scales. (AC +3, +7% HP)
You regenerate health from kills.
When hurt, damage is shared between your health and your magic reserves.
You regenerate magic rapidly.
Your magical capacity is low. (-10% MP)
Potions are less effective at restoring your health.


Message History

The Tzitzimitl drains your vigour!
You feel yourself slow down. The Tzitzimitl misses you.
Lom Lobon hits you but does no damage.
The Executioner is engulfed in blazing flames.
Unknown command.
You closely miss Lom Lobon. Your headbutt misses Lom Lobon.
Lom Lobon is severely wounded.
The Executioner is engulfed in blazing flames. x2
Cerebov gestures.
The Tzitzimitl barely misses you. The Tzitzimitl misses you.
Lom Lobon screams, "I shall feast on thy brain!"
Lom Lobon completely misses you.
Asmodeus gestures.
The Executioner is engulfed in blazing flames.
Unknown command.
You hit Lom Lobon but do no damage.
Lom Lobon is severely wounded.
The Executioner is engulfed in blazing flames. x2
The Tzitzimitl gestures at you. The bolt of cold hits you! You resist.
You die...

▓▓▓▓▓▓▓▓▓▓▓▓▓▓▓▓▓▓▓▓▓▓▓▓▓
...............&@1&&11&1.
▓▓▓▓▓▓▓▓▓▓▓▓▓▓▓▓▓▓▓▓▓▓▓▓▓▓▓▓▓▓▓▓▓
.................................
▓▓▓▓▓▓▓▓▓▓▓▓▓▓▓▓▓▓▓▓▓▓▓▓▓▓▓▓▓▓▓▓▓
..'.........'.........'.)........
▓▓▓▓▓▓▓▓▓▓▓▓▓▓▓▓▓▓▓▓▓▓▓▓▓▓▓▓▓▓▓▓▓
.................................
▓▓▓▓▓▓▓▓▓▓▓▓▓▓▓▓▓▓▓▓▓▓▓▓▓▓▓▓▓▓▓▓▓
'))))))))).....'.................


You could see Cerebov, Asmodeus, Lom Lobon, Gloorx Vloq, a Tzitzimitl and 3
Executioners.

Vanquished Creatures
  the Royal Jelly (D)
  4 ancient liches (D)
  4 orbs of fire (D)
  Mennas (D)
  A juggernaut (D)
  2 greater mummies (D)
  Margery (D)
  Frederick (D)
  Saint Roka (D)
  Boris (D)
  Xtahua (D)
  A curse toe (D)
  2 Killer Klowns (D)
  Geryon (D)
  7 golden dragons (D)
  Jory (D)
  Nikola (D)
  2 bone dragons (D)
  2 electric golems (D)
  5 tentacled monstrosities (D)
  Rupert (D)
  3 deep elf blademasters (D)
  26 Orb Guardians (D)
  2 deep elf master archers (D)
  7 liches (D)
  10 acid blobs (D)
  A quicksilver dragon (D)
  12 sphinxes (D)
  Kirke (D)
  3 tengu reavers (D)
  4 death cobs (D)
  4 storm dragons (D)
  Ilsuiw (D)
  6 shadow dragons (D)
  5 nagarajas (D)
  A draconian monk (D)
  A daeva (D)
  9 azure jellies (D)
  2 fire giants (D)
  2 draconian knights (D)
  4 ghost moths (D)
  4 deep elf sorcerers (D)
  3 vault wardens (D)
  3 draconian scorchers (D)
  A frost giant (D)
  2 draconian annihilators (D)
  4 draconian stormcallers (D)
  5 draconian shifters (D)
  4 emperor scorpions (D)
  4 ironheart preservers (D)
  An entropy weaver (D)
  2 green draconians (D)
  3 very ugly things (D)
  Nessos (D)
  A deep elf annihilator (D)
  6 stone giants (D)
  Azrael (D)
  A black draconian (D)
  5 vampire knights (D)
  A deep elf demonologist (D)
  3 purple draconians (D)
  2 yellow draconians (D)
  A deep elf death mage (D)
  2 white draconians (D)
  5 merfolk impalers (D)
  5 ettins (D)
  5 death oozes (D)
  3 mummy priests (D)
  A merfolk javelineer (D)
  A great orb of eyes (D)
  3 fire dragons (D)
  4 ogre magi (D)
  2 deep elf high priests (D)
  A yaktaur captain (D)
  9 hydras (D)
  Harold (D)
  25 vault guards (D)
  5 centaur warriors (D)
  A ghost crab (D)
  4 naga warriors (D)
  A catoblepas (D)
  An alligator (D)
  A satyr (shapeshifter) (D)
  2 deep troll shamans (D)
  6 merfolk aquamancers (D)
  2 death yaks (D)
  A thrashing horror (D)
  2 deep troll earth magi (D)
  3 tengu warriors (D)
  A small abomination (D)
  A shock serpent (D)
  2 orc high priests (D)
  4 hell knights (D)
  2 iron trolls (D)
  A deep troll (shapeshifter) (D)
  A shadow wraith (D)
  A glowing orange brain (D)
  A sea snake (D)
  3 ironbrand convokers (D)
  2 large abominations (D)
  5 deep trolls (D)
  2 swamp dragons (D)
  A shambling mangrove (D)
  3 orc knights (D)
  An ugly thing (D)
  An orb spider (D)
  3 necromancers (D)
  3 wolf spiders (D)
  A mana viper (D)
  10 moths of wrath (D)
  A cyclops (D)
  A salamander (shapeshifter) (D)
  3 naga magi (D)
  5 black mambas (D)
  3 manticores (D)
  2 guardian serpents (D)
  2 water nymphs (D)
  5 vault sentinels (D)
  A water nymph (shapeshifter) (D)
  A smoke demon (D)
  3 spiny frogs (D)
  An efreet (D)
  2 yaktaurs (shapeshifter) (D)
  3 ancient zymes (D)
  3 freezing wraiths (D)
  23 guardian mummies (D)
  5 komodo dragons (D)
  A wandering mushroom (D)
  2 yaktaurs (D)
  2 tengu conjurers (D)
  3 merfolk (D)
  3 jumping spiders (D)
  4 trolls (D)
  A slime creature (D)
  A bog body (D)
  A blink frog (D)
  3 redbacks (D)
  A tarantella (D)
  11 spriggans (D)
  Eustachio (D)
  3 fire elementals (D)
  2 golden eyes (D)
  5 yaks (D)
  Grum (D)
  A warg (D)
  3 nagas (D)
  2 floating eyes (D)
  2 water moccasins (D)
  3 hell hounds (D)
  11 orc warriors (D)
  A porcupine (D)
  2 swamp drakes (D)
  A necrophage (D)
  2 phantoms (D)
  5 wolves (D)
  2 crocodiles (D)
  A bullfrog (D)
  A scorpion (D)
  A killer bee (D)
  A howler monkey (D)
  6 orc priests (D)
  An iguana (D)
  An iron imp (D)
  2 orc wizards (D)
  A worker ant (D)
  An adder (D)
  2 adder zombies (D)
  2 ball lightnings (D)
  A leopard gecko (D)
  10 orcs (D)
  A bat zombie (D)
  A giant cockroach (D)
  A goblin (D)
  2 hobgoblins (D)
  A kobold (D)
  A leopard gecko zombie (D)
  2 crawling corpses (D)
532 creatures vanquished.

Vanquished Creatures (others)
  A draconian stormcaller (D)
  2 hydras (D)
  3 alligators (D)
  A wizard (D)
  A naga mage (D)
  A slime creature (D)
  A human (D)
10 creatures vanquished.

Grand Total: 542 creatures vanquished

Notes
Turn   | Place    | Note
-------+----------+-------------------------------------------
     0 | D        | diana the Demonspawn Fighter began the quest for the Orb.
     0 | D        | Reached XP level 1. HP: 18/18 MP: 1/1
    25 | D        | Reached skill level 1 in Dodging
   178 | D        | Noticed an iguana
   179 | D        | Gained mutation: You regenerate a little health from kills.
                  | [demonic ancestry]
   179 | D        | Reached XP level 2. HP: 24/24 MP: 2/2
   189 | D        | Gained mutation: You are partially covered in rugged brown
                  | scales. (AC +1, +3% HP) [demonic ancestry]
   189 | D        | Reached XP level 3. HP: 18/30 MP: 3/3
   212 | D        | Found a roughly hewn altar of Beogh.
   212 | D        | Found a snail-covered altar of Cheibriados.
   212 | D        | Found a shadowy altar of Dithmenos.
   212 | D        | Found a white marble altar of Elyvilon.
   212 | D        | Found a blossoming altar of Fedhas.
   212 | D        | Found an opulent altar of Gozag.
   213 | D        | Found a hazy altar of Hepliaklqana.
   214 | D        | Found a viscous altar of Jiyva.
   215 | D        | Found an ancient bone altar of Kikubaaqudgha.
   216 | D        | Found a corrupted altar of Lugonu.
   218 | D        | Became a worshipper of Cheibriados the Contemplative
   342 | D        | Found a burning altar of Makhleb.
   343 | D        | Found a sparkling altar of Nemelex Xobeh.
   344 | D        | Found an iron altar of Okawaru.
   345 | D        | Found a stormy altar of Qazlal.
   346 | D        | Found a sacrificial altar of Ru.
   347 | D        | Found a deep blue altar of Sif Muna.
   348 | D        | Found a bloodstained altar of Trog.
   349 | D        | Found a hide-covered altar of Uskayaw.
   350 | D        | Found a radiant altar of Vehumet.
   351 | D        | Found an ornate altar of the Wu Jian Council.
   352 | D        | Found a shimmering altar of Xom.
   353 | D        | Found a basalt altar of Yredelemnul.
   354 | D        | Found a glowing silver altar of Zin.
   355 | D        | Found a glowing golden altar of the Shining One.
   419 | D        | Noticed a phantom
   419 | D        | Noticed a scorpion
   419 | D        | Noticed a killer bee
   419 | D        | Noticed a necrophage
   425 | D        | Killed a phantom
   425 | D        | Reached skill level 5 in Fighting
   425 | D        | Reached skill level 5 in Long Blades
   425 | D        | Reached XP level 4. HP: 37/40 MP: 4/4
   427 | D        | Reached * piety under Cheibriados
   434 | D        | Reached skill level 5 in Armour
   434 | D        | Reached XP level 5. HP: 47/47 MP: 5/5
   441 | D        | Reached ** piety under Cheibriados
   446 | D        | Killed a necrophage
   446 | D        | Reached skill level 5 in Dodging
   446 | D        | Gained mutation: When hurt, damage is shared between your
                  | health and your magic reserves. [demonic ancestry]
   446 | D        | Reached XP level 6. HP: 50/54 MP: 6/6
   457 | D        | Noticed a centaur warrior
   457 | D        | Noticed an efreet
   457 | D        | Noticed a tengu warrior
   466 | D        | Killed a centaur warrior
   466 | D        | Reached *** piety under Cheibriados
   466 | D        | Reached skill level 10 in Long Blades
   466 | D        | Gained mutation: You regenerate magic rapidly. [demonic
                  | ancestry]
   466 | D        | Reached XP level 7. HP: 53/64 MP: 2/7
   480 | D        | Killed an efreet
   480 | D        | Reached XP level 8. HP: 59/72 MP: 3/8
   495 | D        | Killed a tengu warrior
   495 | D        | Reached **** piety under Cheibriados
   761 | D        | Noticed a blink frog
   761 | D        | Noticed a black mamba
   761 | D        | Noticed a komodo dragon
   761 | D        | Noticed a komodo dragon
   761 | D        | Noticed a komodo dragon
   761 | D        | Noticed a komodo dragon
   766 | D        | Killed a blink frog
   766 | D        | Reached ***** piety under Cheibriados
   766 | D        | Gained mutation: You regenerate health from kills. [demonic
                  | ancestry]
   766 | D        | Reached XP level 9. HP: 64/79 MP: 7/11
   772 | D        | Killed a black mamba
   772 | D        | Reached skill level 5 in Invocations
   781 | D        | Killed a komodo dragon
   786 | D        | Killed a komodo dragon
   789 | D        | Killed a komodo dragon
   797 | D        | Killed a komodo dragon
   797 | D        | Reached ****** piety under Cheibriados
   827 | D        | Noticed a spiny frog
   835 | D        | Killed a spiny frog
   835 | D        | Reached skill level 10 in Invocations
   997 | D        | Noticed a spiny frog
   997 | D        | Noticed a spiny frog
  1000 | D        | Noticed a black mamba
  1001 | D        | Killed a spiny frog
  1001 | D        | Reached XP level 10. HP: 86/86 MP: 17/17
  1010 | D        | Killed a spiny frog
  1010 | D        | Reached skill level 10 in Fighting
  1017 | D        | Killed a black mamba
  1037 | D        | Reached skill level 10 in Dodging
  1039 | D        | Noticed a death yak
  1039 | D        | Noticed a catoblepas
  1039 | D        | Noticed a death yak
  1049 | D        | Killed a death yak
  1049 | D        | Reached skill level 10 in Armour
  1061 | D        | Killed a catoblepas
  1062 | D        | Killed a death yak
  1062 | D        | Reached XP level 11. HP: 68/96 MP: 2/18
  1234 | D        | Noticed an orc high priest
  1246 | D        | Killed an orc high priest
  1301 | D        | Noticed an orc high priest
  1310 | D        | Noticed an orc knight
  1314 | D        | Killed an orc high priest
  1329 | D        | Killed an orc knight
  1391 | D        | Found Bixa's Food Emporium.
  1391 | D        | Noticed an ogre mage
  1391 | D        | Noticed a deep troll
  1392 | D        | Noticed a deep troll
  1392 | D        | Noticed a deep troll
  1396 | D        | Killed an ogre mage
  1397 | D        | Found Lidykh's Book Shoppe.
  1405 | D        | Killed a deep troll
  1412 | D        | Killed a deep troll
  1414 | D        | Killed a deep troll
  1416 | D        | Noticed a deep troll
  1419 | D        | Noticed an ogre mage
  1425 | D        | Noticed an iron troll
  1427 | D        | Noticed a deep troll
  1428 | D        | Killed a deep troll
  1436 | D        | Found Xamiagh's Magic Scroll Emporium.
  1449 | D        | Killed an iron troll
  1458 | D        | Killed an ogre mage
  1458 | D        | Reached skill level 15 in Dodging
  1458 | D        | Reached XP level 12. HP: 41/109 MP: 8/19
  1841 | D        | Found Usoapn's Gadget Shoppe.
  1844 | D        | Bought a ration for 50 gold pieces
  1844 | D        | Bought a ration for 50 gold pieces
  1868 | D        | Bought a scroll of enchant weapon for 97 gold pieces
  1868 | D        | Bought a scroll of enchant weapon for 97 gold pieces
  1940 | D        | Bought a manual of Shields for 1324 gold pieces
  1964 | D        | Noticed Eustachio
  1969 | D        | Killed Eustachio
  1972 | D        | Noticed Grum
  1987 | D        | Killed Grum
  2034 | D        | Noticed Harold
  2041 | D        | Killed Harold
  2093 | D        | Found the +4 robe of Augmentation {Str+4 Int+4 Dex+4}
  2105 | D        | Got the +9 plate armour "Bacuz" {MR++}
  2110 | D        | Got the +3 buckler "Dous Becu" {*Corrode rN++}
  2210 | D        | Noticed a tengu warrior
  2210 | D        | Noticed a four-headed hydra
  2210 | D        | Noticed a centaur warrior
  2213 | D        | Killed a tengu warrior
  2219 | D        | Killed a one-headed hydra
  2220 | D        | Noticed an ogre mage
  2223 | D        | Killed a centaur warrior
  2228 | D        | Noticed a stone giant
  2230 | D        | Noticed a deep troll shaman
  2231 | D        | Killed an ogre mage
  2235 | D        | Noticed a purple very ugly thing
  2237 | D        | Noticed a centaur warrior
  2239 | D        | Killed a stone giant
  2239 | D        | Noticed a deep troll earth mage
  2241 | D        | Killed a deep troll shaman
  2244 | D        | Noticed a tengu warrior
  2246 | D        | Killed a purple very ugly thing
  2246 | D        | Reached skill level 15 in Fighting
  2252 | D        | Killed a centaur warrior
  2255 | D        | Killed a deep troll earth mage
  2257 | D        | Killed a tengu warrior
  2325 | D        | Noticed Kirke
  2334 | D        | Killed Kirke
  2334 | D        | Gained mutation: You are mostly covered in rugged brown
                  | scales. (AC +2, +5% HP) [demonic ancestry]
  2334 | D        | Reached XP level 13. HP: 105/121 MP: 18/20
  2398 | D        | Noticed a merfolk impaler
  2413 | D        | Killed a merfolk impaler
  2609 | D        | Killed a ghost moth
  2609 | D        | Reached skill level 15 in Armour
  2706 | D        | Noticed Rupert
  2707 | D        | Noticed Saint Roka
  2715 | D        | Killed Rupert
  2723 | D        | Noticed Nessos
  2736 | D        | Killed Saint Roka
  2743 | D        | Killed Nessos
  2743 | D        | Gained mutation: You have a pair of small horns on your
                  | head. [demonic ancestry]
  2743 | D        | Reached XP level 14. HP: 69/135 MP: 6/21
  3040 | D        | Noticed Azrael
  3048 | D        | Killed Azrael
  3105 | D        | Noticed a purple very ugly thing
  3105 | D        | Noticed a lich
  3110 | D        | Killed a purple very ugly thing
  3110 | D        | Noticed a fire giant
  3110 | D        | Killed a lich
  3112 | D        | Noticed a stone giant
  3113 | D        | Noticed a storm dragon
  3118 | D        | Noticed a stone giant
  3120 | D        | Killed a fire giant
  3123 | D        | Killed a stone giant
  3127 | D        | Noticed a stone giant
  3133 | D        | Killed a storm dragon
  3138 | D        | Killed a stone giant
  3140 | D        | Killed a stone giant
  3160 | D        | Noticed a purple very ugly thing
  3168 | D        | Killed a purple very ugly thing
  3177 | D        | Noticed an ironheart preserver
  3177 | D        | Noticed an ironheart preserver
  3186 | D        | Killed an ironheart preserver
  3187 | D        | Killed an ironheart preserver
  3197 | D        | Noticed a lich
  3197 | D        | Noticed Xtahua
  3201 | D        | Paralysed by Xtahua for 7 turns
  3214 | D        | Killed a lich
  3215 | D        | Killed Xtahua
  3215 | D        | Reached XP level 15. HP: 112/148 MP: 8/22
  3248 | D        | Noticed a vault warden
  3254 | D        | Killed a vault warden
  3343 | D        | Noticed Boris
  3353 | D        | Killed Boris
  3706 | D        | Reached skill level 5 in Shields
  3760 | D        | Got a decaying rune of Zot
  3935 | D        | Killed a ghost moth
  4140 | D        | Killed a ghost moth
  4150 | D        | Killed a ghost moth
  4150 | D        | Reached skill level 10 in Shields
  4178 | D        | Got a gossamer rune of Zot
  4216 | D        | Noticed a nagaraja
  4216 | D        | Noticed a nagaraja
  4217 | D        | Noticed a nagaraja
  4222 | D        | Killed a nagaraja
  4226 | D        | Noticed a nagaraja
  4232 | D        | Killed a nagaraja
  4239 | D        | Killed a nagaraja
  4241 | D        | Killed a nagaraja
  4242 | D        | Noticed a nagaraja
  4256 | D        | Reached XP level 16. HP: 101/160 MP: 5/23
  4267 | D        | Got a serpentine rune of Zot
  4279 | D        | Noticed Ilsuiw
  4312 | D        | Killed Ilsuiw
  4336 | D        | Got a barnacled rune of Zot
  4398 | D        | Noticed Margery
  4412 | D        | Killed Margery
  4449 | D        | Noticed Nikola
  4461 | D        | Killed Nikola
  4461 | D        | Reached skill level 27 in Dodging
  4623 | D        | Reached skill level 15 in Shields
  4716 | D        | Noticed a tentacled monstrosity
  4731 | D        | Killed a tentacled monstrosity
  4735 | D        | Noticed a shadow dragon
  4744 | D        | Noticed a shadow dragon
  4763 | D        | Noticed a tengu reaver
  4765 | D        | Killed a shadow dragon
  4765 | D        | Reached XP level 17. HP: 175/175 MP: 24/24
  4778 | D        | Noticed an Orb Guardian
  4812 | D        | Killed an Orb Guardian
  4818 | D        | Noticed an Orb Guardian
  4826 | D        | Killed an Orb Guardian
  4905 | D        | Noticed an ancient lich
  4905 | D        | Noticed a golden dragon
  4920 | D        | Killed an ancient lich
  4925 | D        | Killed a golden dragon
  4927 | D        | Noticed a golden dragon
  4976 | D        | Killed a golden dragon
  5020 | D        | Got a warped diamond amulet
  5024 | D        | Got a silver rune of Zot
  5025 | D        | Identified the Incunabulum of Poison
  5028 | D        | Identified the amulet of Zuing {Reflect Fragile rC+ rN+
                  | Str+3 SH+4} (You found it in the Dungeon)
  5077 | D        | Noticed Mennas
  5087 | D        | Killed Mennas
  5087 | D        | Reached skill level 27 in Fighting
  5128 | D        | Got the amulet of Quisoump {RegenMP Str+4 Int+4 Dex-3 SInv}
  5130 | D        | Got the ring "Wenkihih" {rCorr rF+ Str+3}
  5132 | D        | Got the ring "Jaewau" {rPois rN++ MR+ Str-3 Dex+2}
  5134 | D        | Got the ring of Qyif {rCorr rF+}
  5136 | D        | Found the +0 sword of Power
  5136 | D        | Got the amulet "Omoukais" {Gourm MR+ Int+4}
  5155 | D        | Found the +0 Maxwell's etheric cage {RegenMP+ *Contam rElec
                  | MP+4}
  5181 | D        | Got the +3 storm dragon scales "Qoit" {+Blink rElec rCorr}
  7751 | D        | Noticed Jory
  7760 | D        | Killed Jory
  7760 | D        | Reached skill level 15 in Long Blades
  7795 | D        | Noticed Frederick
  7803 | D        | Killed Frederick
  7843 | D        | Noticed a golden dragon
  7850 | D        | Noticed a juggernaut
  7864 | D        | Killed a golden dragon
  7864 | D        | Reached XP level 18. HP: 191/191 MP: 25/25
  7888 | D        | Killed a juggernaut
  7893 | D        | Noticed a bone dragon
  7893 | D        | Noticed a golden dragon
  7893 | D        | Noticed a bone dragon
  7894 | D        | Noticed a golden dragon
  7900 | D        | Killed a bone dragon
  7900 | D        | Reached skill level 27 in Armour
  7902 | D        | Killed a golden dragon
  7910 | D        | Killed a bone dragon
  7913 | D        | Killed a golden dragon
  7929 | D        | Reached skill level 5 in Bows
  7954 | D        | Noticed a tentacled monstrosity
  7968 | D        | Killed a tentacled monstrosity
  7968 | D        | Reached skill level 15 in Invocations
  7980 | D        | Reached skill level 10 in Bows
  8016 | D        | Noticed a Killer Klown
  8017 | D        | Noticed an orb of fire
  8022 | D        | Gained mutation: Your magical capacity is low. (-10% MP)
                  | [an orb of fire]
  8025 | D        | Killed an orb of fire
  8032 | D        | Killed a Killer Klown
  8055 | D        | Noticed a tentacled monstrosity
  8062 | D        | Noticed a tentacled monstrosity
  8070 | D        | Killed a tentacled monstrosity
  8070 | D        | Reached skill level 15 in Bows
  8074 | D        | Killed a tentacled monstrosity
  8074 | D        | Reached XP level 19. HP: 177/198 MP: 15/30
  8251 | D        | Noticed a curse toe
  8251 | D        | Noticed a golden dragon
  8254 | D        | Killed a curse toe
  8254 | D        | Reached skill level 27 in Invocations
  8278 | D        | Killed a golden dragon
  8294 | D        | Noticed an ancient lich
  8303 | D        | Killed an ancient lich
  8312 | D        | Noticed an orb of fire
  8319 | D        | Killed an orb of fire
  8321 | D        | Noticed an electric golem
  8331 | D        | Killed an electric golem
  8336 | D        | Noticed an ancient lich
  8336 | D        | Noticed an ancient lich
  8344 | D        | Killed an ancient lich
  8349 | D        | Noticed an orb of fire
  8349 | D        | Noticed an electric golem
  8352 | D        | Killed an ancient lich
  8352 | D        | Gained mutation: You have a pair of horns on your head.
                  | [demonic ancestry]
  8352 | D        | Reached XP level 20. HP: 182/206 MP: 33/33
  8425 | D        | Gained mutation: Potions are less effective at restoring
                  | your health. [an orb of fire]
  8426 | D        | Noticed an orb of fire
  8430 | D        | Killed an orb of fire
  8430 | D        | Killed an orb of fire
  8432 | D        | Noticed a Killer Klown
  8443 | D        | Noticed a golden dragon
  8449 | D        | Killed a golden dragon
  8461 | D        | Killed a Killer Klown
  8537 | D        | Reached skill level 27 in Long Blades
  8630 | D        | Reached skill level 27 in Bows
  8712 | D        | Reached skill level 27 in Shields
  8712 | D        | Reached skill level 1 in Spellcasting
  8712 | D        | Reached skill level 1 in Evocations
  8720 | D        | Reached skill level 5 in Spellcasting
  8720 | D        | Reached skill level 5 in Evocations
  8729 | D        | Gained mutation: You are completely covered in rugged brown
                  | scales. (AC +3, +7% HP) [demonic ancestry]
  8729 | D        | Reached XP level 21. HP: 203/218 MP: 34/34
  8737 | D        | Reached skill level 10 in Evocations
  8750 | D        | Reached skill level 10 in Spellcasting
  8798 | D        | Got an elven rune of Zot
  8818 | D        | Noticed the Royal Jelly
  8818 | D        | Paralysed by a floating eye for 2 turns
  8826 | D        | Reached skill level 15 in Evocations
  8827 | D        | Killed the Royal Jelly
  8827 | D        | Reached skill level 15 in Spellcasting
  8874 | D        | Got a slimy rune of Zot
  9140 | D        | Noticed a greater mummy
  9147 | D        | Noticed a greater mummy
  9168 | D        | Was placed under penance by Cheibriados
  9192 | D        | Killed a greater mummy
  9192 | D        | Was forgiven by Cheibriados
  9206 | D        | Killed a greater mummy
  9599 | D        | Got a golden rune of Zot
  9625 | D        | Got an abyssal rune of Zot
  9752 | D        | Noticed Geryon
  9757 | D        | Killed Geryon
  9761 | D        | Noticed Lom Lobon
  9761 | D        | Noticed Cerebov
  9761 | D        | Noticed Asmodeus
  9764 | D        | Noticed Gloorx Vloq
  9778 | D        | HP: 1/216 [Tzitzimitl[Cerebov] (11)]
  9780 | D        | Killed from afar by a Tzitzimitl

Skill      XL: |  1  2  3  4  5  6  7  8  9 10 11 12 13 14 15 16 17 18 19 20 21 |
---------------+----------------------------------------------------------------+-----
Long Blades    | 2 4 5 6 7 10 12 14 16 20 23 27 | 27.0
Armour         | 3 4 5 7 8 9 10 12 14 16 18 20 22 26 27 | 27.0
Dodging        | 1 2 3 4 5 7 8 12 15 17 20 23 26 27 | 27.0
Fighting       | 4 5 6 8 9 11 13 15 17 19 21 24 27 | 27.0
Invocations    | 2 10 22 27 | 27.0
Shields        | 4 12 17 20 22 27 | 27.0
Bows           | 15 23 27 | 27.0
Spellcasting   | 7 22 | 22.0
Evocations     | 8 23 | 23.5

Action                   |  1- 3 |  4- 6 |  7- 9 | 10-12 | 13-15 | 16-18 | 19-21 || total
-------------------------+-------+-------+-------+-------+-------+-------+-------++-------
Melee: Long sword        |    47 |       |       |       |       |       |       ||    47
       Scimitar          |     5 |    32 |    78 |   223 |    44 |       |       ||   382
       Triple sword      |       |       |       |    39 |   205 |       |       ||   244
       Headbutt          |       |       |       |       |   140 |   256 |   183 ||   579
       Double sword      |       |       |       |       |   106 |   367 |    53 ||   526
       Great sword       |       |       |       |       |       |   145 |   384 ||   529
 Fire: Longbow           |       |       |       |       |       |       |     2 ||     2
Throw: Throwing net      |       |       |       |       |       |       |     1 ||     1
Invok: Slouch            |       |       |       |     4 |    15 |    12 |    19 ||    50
Evoke: Wand              |       |       |       |       |     2 |       |       ||     2
  Use: Potion            |       |     1 |     3 |     1 |     9 |     2 |    10 ||    26
       Scroll            |       |       |       |       |     5 |    13 |     2 ||    20
 Stab: Distracted        |       |       |     1 |       |       |       |       ||     1
       Petrifying        |       |       |       |     1 |       |       |       ||     1
       Sleeping          |       |       |       |     1 |       |       |       ||     1
       Held in net/web   |       |       |       |       |       |       |     1 ||     1
  Eat: Chunk             |       |       |       |     2 |     7 |     3 |     2 ||    14
       Ration            |       |       |       |       |       |     2 |     1 ||     3
Armor: Scale mail        |    22 |    14 |     9 |       |       |       |       ||    45
       Ring mail         |       |       |     6 |    22 |       |       |       ||    28
       Plate armour      |       |       |       |    29 |   158 |   122 |   118 ||   427
Dodge: Dodged            |    12 |     7 |    24 |   180 |   455 |   396 |   367 ||  1441
Block: Shield            |    28 |    21 |    35 |   116 |       |       |       ||   200
       Buckler           |       |       |       |       |    89 |   134 |       ||   223
       Other             |       |       |       |       |       |    19 |    39 ||    58
       Large shield      |       |       |       |       |       |       |    55 ||    55
       Reflection        |       |       |       |       |       |       |     1 ||     1
       Rpst.: Long sword |     4 |       |       |       |       |       |       ||     4
       Scimitar          |       |     1 |     4 |    28 |     3 |       |       ||    36
       Triple sword      |       |       |       |     7 |    69 |       |       ||    76
       Double sword      |       |       |       |       |     9 |    49 |     2 ||    60
       Great sword       |       |       |       |       |       |    28 |    62 ||    90
